 Dungeon Crawl Stone Soup version 0.30.1-11-g7821555f0a (webtiles) character file.

Game seed: 6356742523684616104

4753 Nonny the Cruncher (level 10, 0/83 HPs)
             Began as a Demigod Gladiator on Nov 18, 2023.
             Succumbed to a hornet's poison
             ... while paralysed by a hornet
             ... on level 9 of the Dungeon.
             The game lasted 00:33:11 (7119 turns).

Nonny the Cruncher (Demigod Gladiator)              Turns: 7119, Time: 00:33:11

Health: 0/83       AC: 21    Str: 27    XL:     10   Next: 3%
Magic:  13/13      EV:  2    Int: 10    God:
Gold:   127        SH:  0    Dex: 15    Spells: 9/9 levels left

rFire   + . .        o - +2 lajatang (elec)
rCold   . . .        (shield currently unavailable)
rNeg    . . .        v - +0 plate armour
rPois   .            c - +0 helmet
rElec   .            m - +0 cloak
rCorr   .            (no gloves)
SInv    .            j - +1 pair of boots
Will    +....        (no amulet) Stlth
                     p - ring of protection from fire
HPRegen 0.33/turn    y - +4 ring of protection
MPRegen 0.13/turn

%: no passive effects
@: paralysed, lethally poisoned (0 -> -8), slowed
A: high MP 1, forlorn, divine attributes, talons 1
a: no special abilities


You were on level 9 of the Dungeon.
You visited 2 branches of the dungeon, and saw 10 of its levels.
You also visited: Ossuary.

You collected 463 gold pieces.
You spent 336 gold pieces at shops.

Inventory:

Hand Weapons
 a - a +1 heavy quarterstaff
 o - a +2 lajatang of electrocution (weapon)
Missiles
 d - 2 throwing nets (quivered)
 e - 9 javelins
 A - 12 poisoned darts
Armour
 c - a +0 helmet (worn)
 j - a +1 pair of boots (worn)
 k - a +1 leather armour of fire resistance
 m - a +0 cloak (worn)
 v - a +0 plate armour (worn)
Magical Staves
 x - a staff of death
Jewellery
 p - a ring of protection from fire (left hand)
 y - a +4 ring of protection (right hand)
Wands
 i - a wand of flame (34)
 z - a wand of paralysis (4)
 F - a wand of digging (7)
Scrolls
 l - 5 scrolls of fog
 q - 3 scrolls of fear
 t - a scroll of teleportation
 w - 2 scrolls of noise
 H - a scroll of immolation
Potions
 b - 8 potions of haste
 f - 3 potions of flight
 g - 3 potions of brilliance
 h - a potion of might
 n - 5 potions of curing
 r - 2 potions of cancellation
 s - a potion of experience {unknown}
 u - 2 potions of magic
 B - 2 potions of heal wounds
 C - a potion of attraction {unknown}
 D - a potion of lignification
 E - 2 potions of berserk rage


   Skills:
 + Level 6.2 Fighting
 + Level 10.7 Staves
 * Level 1.8 Throwing
 + Level 6.7 Armour
 - Level 2.6 Dodging
 - Level 0.5 Evocations


You had 9 spell levels left.
You didn't know any spells.
Your spell library contained the following spells:

 Spells                   Type           Power      Damage    Failure   Level
 Apportation              Tloc           0%         N/A       99%         1
 Magic Dart               Conj           0%         1d3       99%         1
 Necrotise                Necr           0%         1d4       99%         1
 Summon Small Mammal      Summ           0%         N/A       99%         1
 Call Imp                 Summ           0%         N/A       99%         2
 Sublimation of Blood     Necr           0%         N/A       99%         2
 Mephitic Cloud           Conj/Pois/Air  0%         N/A       100%        3
 Petrify                  Tmut/Erth      0%         N/A       100%        4
 Irradiate                Conj/Tmut      0%         3d11      100%        5


Dungeon Overview and Level Annotations

Branches:
Dungeon (9/15)             Temple (1/1) D:4         Ossuary (visited)
   Lair: D:8-11         Orc: D:9-12

Shops:
D:7 !


Innate Abilities, Weirdness & Mutations

You have an increased reservoir of magic. (+10% MP)
You shall have no god before yourself.
Your divine heritage dramatically boosts your attributes as you level up.
You have sharp toenails.


Message History

The hornet stings you!
You are more poisoned.
You feel as though you will be slow longer.
Unknown command.
Unknown command.
You hit the hornet but do no damage.
The hornet is lightly wounded.
You feel very sick.
The hornet stings you but does no damage.
Unknown command.
You hit the hornet.
The hornet is moderately wounded.
You feel very sick.
The hornet stings you but does no damage. x2
You closely miss the hornet.
The hornet is moderately wounded.
You feel very sick. The hornet stings you.
You feel as though you will be slow longer.
The hornet stings you but does no damage.
Unknown command.
You feel better. The hornet stings you!
You feel as though you will be slow longer.
The hornet stings you.
You feel as though you will be slow longer.
Aiming: Paralyse
Press: ? - help, Shift-Dir - straight line, f - hornet
Aim: a hornet (lightly wounded, chance to affect: 41%)
The hornet resists with some effort.
The hornet stings you!
You suddenly lose the ability to move!
The hornet stings you!
* * * LOW HITPOINT WARNING * * *
You feel as though you will be slow longer.
The hornet stings you!
* * * LOW HITPOINT WARNING * * *
You are lethally poisoned!
You feel as though you will be slow longer.
* * * LOW HITPOINT WARNING * * *
You feel very sick.
The hornet stings you but does no damage.
You die...

#.........#
#..........
#..........
#..........
#.........#
#.........#
#..........
#<.........
#..@y......
#.........#
#.........#
#..........
#....##...#
#....# ##+#
#....#
#....#
#....#


You could see a hornet.

Vanquished Creatures
  2 two-headed ogres
  A wraith (D:6)
  2 steam dragons
  2 water moccasins
  2 sky beasts (D:7)
  An orc warrior (D:6)
  A black bear (D:5)
  2 ice beasts
  5 ogres
  3 centaurs (D:8)
  A phantom (D:6)
  2 kobold brigands (D:8)
  2 bullfrogs
  2 scorpions (D:5)
  3 hounds
  6 centaur zombies (Ossuary)
  A gnoll bouda (D:5)
  5 orc priests
  A jelly (D:6)
  Ijyb (D:3)
  Jessica (D:3)
  7 iguanas
  3 sleepcaps
  Natasha (thrice) (D:3)
  7 orc wizards
  5 mummies
  3 adders
  5 gnolls (D:5)
  A white imp (D:8)
  3 worms
  A dart slug (D:2)
  24 orcs
  3 ball pythons
  9 endoplasms
  2 giant cockroaches
  9 hobgoblins
  8 jackals
  14 kobolds
  2 quokkas
  4 bats (D:2)
  9 frilled lizards
  6 goblins
  3 hobgoblin zombies
  A kobold zombie (D:4)
  An orc zombie (D:4)
  7 rats
186 creatures vanquished.

Notes
Turn   | Place    | Note
-------+----------+-------------------------------------------
     0 | D:1      | Nonny the Demigod Gladiator began the quest for the Orb.
     0 | D:1      | Reached XP level 1. HP: 17/17 MP: 3/3
    85 | D:1      | Starting vault: various shapes.
   301 | D:1      | Reached skill level 3 in Staves
   580 | D:1      | Reached XP level 2. HP: 24/24 MP: 4/4
   693 | D:1      | Book of Cantrips in northern room.
  1056 | D:2      | Reached XP level 3. HP: 21/29 MP: 5/5
  1056 | D:2      | Beware of D:2 orc priest.
  1058 | D:2      | Reached skill level 4 in Staves
  1215 | D:2      | Identified the +6 dagger of Pride {freeze, Str+5 Int-4}
  1296 | D:2      | Reached XP level 4. HP: 35/36 MP: 6/6
  1608 | D:2      | Reached skill level 1 in Armour
  1798 | D:3      | Noticed Natasha
  1814 | D:3      | Killed Natasha
  1875 | D:3      | Noticed Ijyb
  1999 | D:3      | Killed Ijyb
  2000 | D:3      | Reached XP level 5. HP: 34/42 MP: 7/7
  2086 | D:3      | Noticed Natasha
  2091 | D:3      | Killed Natasha
  2092 | D:3      | Reached skill level 5 in Staves
  2324 | D:3      | Noticed Jessica
  2332 | D:3      | Killed Jessica
  2618 | D:3      | Noticed Natasha
  2626 | D:3      | Killed Natasha
  2653 | D:4      | Reached XP level 6. HP: 32/51 MP: 8/8
  2914 | D:3      | HP: 2/51 [orc/+0 flail (4)]
  3140 | D:4      | staff of death
  3154 | D:4      | Found a staircase to the Ecumenical Temple.
  3174 | D:4      | Temple entrance: circle of plants
  3175 | Temple   | Entered the Ecumenical Temple
  3230 | Temple   | Temple: roughly a triangle
  3427 | D:4      | Reached skill level 6 in Staves
  3666 | D:4      | Gained mutation: You have sharp toenails. [potion of
                  | mutation]
  3724 | D:4      | Reached XP level 7. HP: 10/57 MP: 9/9
  3977 | D:5      | Entered Level 5 of the Dungeon
  4478 | D:5      | Reached skill level 7 in Staves
  4663 | D:5      | Reached XP level 8. HP: 50/66 MP: 10/10
  4958 | D:6      | Identified a scroll of acquirement
  4958 | D:6      | Acquired a +1 lajatang of electrocution
  5092 | D:6      | Reached skill level 5 in Armour
  5136 | D:6      | Found a sand-covered staircase.
  5144 | D:6      | Ossuary entrance at center of floor, accessed from its
                  | east.
  5145 | Ossuary  | Entered an ossuary
  5164 | Ossuary  | Reached skill level 8 in Staves
  5176 | Ossuary  | Reached skill level 5 in Fighting
  5441 | D:6      | Reached XP level 9. HP: 49/74 MP: 11/11
  5455 | D:6      | Large chamber at center of floor. Has enemies like iguana,
                  | water moccasin, wraith, etc.
  5520 | D:6      | Noticed a two-headed ogre
  5547 | D:6      | Killed a two-headed ogre
  5548 | D:6      | Reached skill level 9 in Staves
  5735 | D:7      | Found Pupiessoi's Distillery.
  5763 | D:7      | Bought a potion of heal wounds for 70 gold pieces
  5763 | D:7      | Bought a potion of curing for 42 gold pieces
  5763 | D:7      | Bought a potion of curing for 42 gold pieces
  5763 | D:7      | Bought a potion of curing for 42 gold pieces
  5763 | D:7      | Bought 2 potions of berserk rage for 140 gold pieces
  5789 | D:7      | Reached skill level 10 in Staves
  6554 | D:8      | Noticed a two-headed ogre
  6570 | D:8      | Killed a two-headed ogre
  6571 | D:8      | Reached XP level 10. HP: 78/83 MP: 13/13
  7117 | D:9      | Paralysed by a hornet for 3 turns
  7117 | D:9      | HP: 4/83 [hornet (12)]
  7118 | D:9      | HP: 1/83 [poisoned by a hornet]
  7119 | D:9      | Succumbed to a hornet's poison

Illustrated notes

........# .....
###########.################
...........................#
...........................#
##..###########..#######...#
#..# ###..##### #...#
#..##### #........###...#
##......#####...@..........#
..................<..###...#
##..........#........# #...#
#......###.####..#### #...#
#......# #.# #..# #...#
###...## #.# #..# #...#
####...####.####..######...#
...........................#
...........................#


Turn 85 on D:1: Starting vault: various shapes. #......................÷'.....
#..................##...####.# #...#####...........##...# #.. ...#.#
#...........##...# ### ....... #...........##...# # # #...........##...# #
#...........##...# #...........###### #.....@...>.# ###### #...........# #.....
#...........# #..... ############# #..... #..... ####### #...... #.##... #.##...
Turn 693 on D:1: Book of Cantrips in northern room. ♣....#########......###
###### #........# # #......#.# # ##'#'#.#.# ## #.#.#...# .# #....##.# .## #....#
... ..# ###..# .## #.# #)@..# .# P~♣ ♣~ ♣o#### . ♣P♣~~~ ♣r~♣ .. ♣PP~~~ ~~~♣
~P≈≈≈≈≈≈~≈ ~~~~~ ~~≈≈≈≈≈≈≈≈≈P~♣~~~~♣ ≈≈≈≈≈≈≈≈≈≈≈≈≈~~~~~~♣♣#
≈≈≈≈≈≈≈≈≈≈≈≈~~~~~~P~P ~≈≈≈≈≈≈≈≈≈≈≈~~~~PPP~~ Turn 1056 on D:2: Beware of D:2 orc
priest. #........Z.o......#....##..... #................ #.$..#.....#
#...........##+## #....+.....## #...........# .....#...... #...........# .....#
..... #...........###############'##### #.....................(..........
#................................ ........##+#....@[............... .########
#..(.................. .# #.............#####+#. .# ###+###.......#.....## .#
#########......# .# ####...# ## ##..# #.## #.## Turn 3140 on D:4: staff of death
+#.....[...................#....# #..(......................##'###
#.............#####+#...)....... .###'###.......#.....######......
.......#########......# #...... .##....'......#####...# #......
#######....##PPP##..# ####### ##....#....P#.## #.....'..@.P#.## #.....#P...P#..#
+.....##PPP##..# #....†.#####...# ###...## ##### #...# #..... #..... #......
Turn 3174 on D:4: Temple entrance: circle of plants #.............#
#.._..._..._..# ##.............## ##...............## #.................#
#.._..._..._..._..# ##.................## ##...................##
#......@..............# #.._..._...<..._..._..# #.....................#
##...................## ##################### Turn 3230 on Temple: Temple:
roughly a triangle ######## #...##......# #...##......# #...##......# ###
#...##......# ##8## #...##.....)# #...# #...##......) #...###...........#
#.@...∩......####.# #...###......# #.# #...# #......# #.# ##8## #......# #.# ###
#......# #.# #...#### #.# #...# . #...# ## Turn 5144 on D:6: Ossuary entrance at
center of floor, accessed from its east. .......................
#....................... #....................... #.......................
#....................### #....................# #....................#
#........†...........# #......@.............### #.^..................##8
#....................#.. #....................#.. #....................#..
#.[..................#.. #..............[.....#.. #....................##8
#....................### Turn 5455 on D:6: Large chamber at center of floor. Has
enemies like iguana, water moccasin, wraith, etc.

Levels and vault maps discovered:
D:1:      dpeg_arrival_boxes_within_box, layout_basic
D:2:      wad_crossroads, layout_basic, basic_altar, serial_bayou,
          serial_bayou_shore_a, serial_bayou_pond_d, serial_bayou_lake_a,
          serial_bayou_pond_e
D:3:      minmay_inner_zag, layout_basic, hellmonk_ecumenical_altar_arch_garden,
          uniq_ijyb, uniq_jessica, uniq_natasha
D:4:      layout_gridville, cheibrodos_ashenzari_chains,
          minmay_temple_entry_enclosed_plants, minmay_mini_ossuary
D:5:      layout_gridville, mainiacjoe_overflow_catwalk_spiral,
          minmay_misc_feat_ornament
D:6:      layout_basic, chequers_ossuary_entry_cave
D:7:      nicolae_cairo_tiling_large_dashed, layout_loops_ring,
          grunt_temple_overflow_open, serial_shops,
          nicolae_shop_industrial_runoff
D:8:      layout_basic
D:9:      nzn_winding_woodlands_three_and_one
          [nzn_winding_woodlands_5x15_concentric,
          nzn_winding_woodlands_5x15_jagged,
          nzn_winding_woodlands_5x15_longhouse,
          nzn_winding_woodlands_center_diamonds], layout_gridville,
          mainiacjoe_overflow_paths, overflow_temple_1_default
Temple:   nicolae_temple_ecumenical_triangle

Skill      XL: |  1  2  3  4  5  6  7  8  9 |
---------------+----------------------------+-----
Staves         | 3 4 5 6 7 8 10 | 10.7
Fighting       | 2 3 4 5 6 |  6.2
Armour         | 1 2 3 4 5 6 |  6.7
Throwing       | |  1.8
Dodging        | |  2.6
Evocations     | |  0.5

Action                     |  1- 3 |  4- 6 |  7- 9 | 10-12 || total
---------------------------+-------+-------+-------+-------++-------
  Melee: Quarterstaff      |   135 |   240 |   124 |       ||   499
         Lajatang          |       |       |   166 |    24 ||   190
  Throw: Javelin           |       |     2 |       |     1 ||     3
         Dart              |       |       |     2 |     1 ||     3
         Throwing net      |       |       |     1 |       ||     1
  Evoke: Wand              |       |       |     3 |     1 ||     4
    Use: Scroll            |       |     8 |    15 |     1 ||    24
         Potion            |       |     1 |     2 |     1 ||     4
 Armour: Chain mail        |    45 |   135 |    26 |       ||   206
         Plate armour      |       |       |   280 |    17 ||   297
  Dodge: Dodged            |    40 |    96 |   154 |     4 ||   294
